 Dungeon Crawl Stone Soup version 0.30-a0-1176-gcdfb0321a8 (webtiles) character file.

Game seed: 9850294188583315705

133 Dadi the Cudgeller (level 5, -1/32 HPs)
             Began as a Gargoyle Fighter on Apr 30, 2023.
             Killed from afar by Blork the orc (8 damage)
             ... with a puff of flame
             ... on level 4 of the Dungeon.
             The game lasted 00:04:19 (2253 turns).

Dadi the Cudgeller (Gargoyle Fighter)               Turns: 2253, Time: 00:04:19

Health: -1/32      AC: 13    Str: 21    XL:     5   Next: 16%
Magic:  5/5        EV: 14    Int:  9    God:
Gold:   132        SH:  6    Dex:  9    Spells: 4/4 levels left

rFire   . . .        a - +0 flail
rCold   . . .        h - +2 buckler
rNeg    + . .        b - +0 scale mail
rPois   ∞            i - +0 helmet
rElec   +            (no cloak)
rCorr   .            f - +0 pair of gloves
SInv    .            (no boots)
Will    .....        (no amulet) Stlth
                     q - +5 ring of evasion
HPRegen 0.25/turn    j - ring of flight
MPRegen 0.09/turn

%: no passive effects
@: flying
A: sickness immunity, AC +4, negative energy resistance 1, electricity
resistance, torment resistance 1, petrification resistance
a: no special abilities


You were on level 4 of the Dungeon.
You visited 1 branch of the dungeon, and saw 4 of its levels.

You collected 132 gold pieces.

Inventory:

Hand Weapons
 a - a +0 flail (weapon)
Armour
 b - a +0 scale mail (worn)
 c - a +0 buckler
 f - a +0 pair of gloves (worn)
 h - a +2 buckler (worn)
 i - a +0 helmet (worn)
Jewellery
 j - a ring of flight (right hand)
 q - a +5 ring of evasion (left hand)
Scrolls
 e - a scroll of teleportation {unknown}
 g - 3 scrolls of identify {unknown}
 k - a scroll of immolation {unknown}
 n - a scroll of enchant armour {unknown}
 s - a scroll of enchant weapon {unknown}
 t - a scroll of fog {unknown}
 w - a scroll of vulnerability {unknown}
Potions
 d - a potion of might
 l - a potion of mutation {unknown}
 m - a potion of berserk rage {unknown}
 o - a potion of heal wounds {unknown}
 p - a potion of invisibility {unknown}
 r - a potion of ambrosia {unknown}
 u - 3 potions of curing {unknown}
 v - 2 potions of haste {unknown}
 x - a potion of experience {unknown}


   Skills:
 - Level 3.2 Fighting
 + Level 5.2 Maces & Flails
 - Level 3.2 Armour
 - Level 3.2 Shields


You had 4 spell levels left.
You didn't know any spells.
Your spell library contained the following spells:

 Spells                   Type           Power      Damage    Failure   Level
 Apportation              Tloc           0%         N/A       80%         1
 Necrotise                Necr           0%         1d4       80%         1
 Summon Small Mammal      Summ           0%         N/A       80%         1


Dungeon Overview and Level Annotations

Branches:
Dungeon (4/15)
 Temple: D:4-7

Altars:
Hepliaklqana

Annotations:
D:4 Blork the orc


Innate Abilities, Weirdness & Mutations

You are immune to sickness and miasma.
Your stone body is resilient. (AC +4)
You are immune to poison.
You resist negative energy. (rN+)
You are resistant to electric shocks. (rElec)
You are resistant to unholy torment.
You are immune to petrification.


Message History

You kill Natasha!
You hear a faint echoing roar filled with hate and sorrow!
Your Maces & Flails skill increases to level 5!
You have reached level 5!
HP restored.
You see here the felid corpse of Natasha.
You feel yourself speed up.
Blork the orc is nearby!
Blork the orc shouts!
Blork the orc gestures wildly while chanting.
Blork the orc seems to speed up.
You sock Blork the orc!
Blork the orc is moderately wounded.
Blork the orc zaps a wand.
The puff of flame hits you.
Blork the orc screams, "I'll make a cloak from your skin!"
Blork the orc barely misses you.
You hit Blork the orc.
Blork the orc is heavily wounded.
Blork the orc hits you with a +0 battleaxe!
You hit Blork the orc but do no damage.
Blork the orc is heavily wounded.
Blork the orc casts a spell at you. The puff of frost hits you.
Blork the orc points at you and mumbles some strange words.
The puff of flame hits you but does no damage.
You hit Blork the orc.
Blork the orc is heavily wounded.
Blork the orc zaps a wand.
The puff of flame hits you but does no damage.
Blork the orc closely misses you.
You closely miss Blork the orc.
Blork the orc is heavily wounded.
Blork the orc zaps a wand.
The puff of flame misses you.
Blork the orc hits you with a +0 battleaxe!
* * * LOW HITPOINT WARNING * * *
Blork the orc attacks as you move away! Blork the orc barely misses you.
Blork the orc screams, "You are the ugliest creature I've ever seen!"
Blork the orc miscasts a cantrip.
Blork the orc zaps a wand.
The puff of flame hits you!
You die...

..#.#.###.# .... #.......#.#
####.# ###.#.#.#.# ..# #.....
....#.....## ..# #.#<.#
#######...[#### #...# #.#..#
##########....# #...# #.#...
.....## ##....######...#####)#.#.
#.....# #....<.................#.
#.....###.......@................
#..............................#.
.....#####....####.o...>#####....
###### #....# #.#....# #..#.
#.#### #.#....# #..#. ##### #†#
#.#....# #..## #...# #.# #.# ...#
#.... ....### #.# #.. ..# ##.##
......# #.# ### ... #.##


You could see Blork the orc (fast).

Vanquished Creatures
  Natasha (D:4)
  3 adders
  2 worms (D:3)
  2 dart slugs (D:1)
  An orc (D:3)
  9 ball pythons
  3 bats
  5 endoplasms
  2 giant cockroaches
  7 goblins
  5 hobgoblins
  4 jackals
  6 kobolds
  5 quokkas
  5 frilled lizards
  4 rats
64 creatures vanquished.

Notes
Turn   | Place    | Note
-------+----------+-------------------------------------------
     0 | D:1      | Dadi the Gargoyle Fighter began the quest for the Orb.
     0 | D:1      | Reached XP level 1. HP: 14/14 MP: 1/1
    62 | D:1      | Reached XP level 2. HP: 19/19 MP: 2/2
   152 | D:1      | Reached skill level 3 in Maces & Flails
   472 | D:1      | Reached XP level 3. HP: 23/23 MP: 3/3
   475 | D:1      | Found a faded altar of an unknown god.
   915 | D:2      | Reached skill level 4 in Maces & Flails
  1384 | D:3      | Reached XP level 4. HP: 28/28 MP: 4/4
  1386 | D:3      | Found a hazy altar of Hepliaklqana.
  2038 | D:4      | Noticed Natasha
  2132 | D:4      | Noticed Blork the orc
  2223 | D:4      | Killed Natasha
  2224 | D:4      | Reached skill level 5 in Maces & Flails
  2224 | D:4      | Reached XP level 5. HP: 27/32 MP: 5/5
  2253 | D:4      | Killed from afar by Blork the orc

Illustrated notes

Levels and vault maps discovered:
D:1:      wander_arrival_fairy_ring, layout_loops_ring,
          nicolae_ecumenical_snake_handling
D:2:      layout_basic, hangedman_abyss_or_decor_stabs,
          chequers_serial_rivers_large_b
D:3:      layout_basic, mainiacjoe_overflow_concentric_impassable,
          mrwooster_statue_mirror
D:4:      layout_loops_cross, uniq_natasha, uniq_blork_the_orc

Skill      XL: |  1  2  3  4 |
---------------+-------------+-----
Maces & Flails | 3 4 5 |  5.2
Fighting       | |  3.2
Armour         | |  3.2
Shields        | |  3.2

Action                     |  1- 3 |  4- 6 || total
---------------------------+-------+-------++-------
  Melee: Flail             |   125 |    76 ||   201
 Armour: Scale mail        |    70 |    29 ||    99
  Dodge: Dodged            |    61 |    52 ||   113
  Block: Buckler           |    23 |    22 ||    45

Table legend: (Time is in decaauts)
 A = Elapsed time spent in this place.
 B = Non-inter-level travel time spent in this place.
 C = Inter-level travel time spent in this place.
 D = Time resting spent in this place.
 E = Time spent auto-exploring this place.
 F = Levels seen in this place.
 G = Mean time per level.
                   A        B        C        D        E       F      G
               +--------+--------+--------+--------+--------+-----+--------+
         Total |   2359 |   2223 |    136 |     76 |   1596 |   4 |  589.8 |
       Dungeon |   2359 |   2223 |    136 |     76 |   1596 |   4 |  589.8 |
               +--------+--------+--------+--------+--------+-----+--------+

Top non-repeatable levels by time:
     D:1: 767 daAuts
     D:3: 687 daAuts
     D:2: 628 daAuts
     D:4: 276 daAuts
